Arrhythmia, chaotic female vampiric Convict ---- -----..---- |.........-- ---(.........| |.[)-........-- ---)--..........|.-- |<%.---.--.%[)....@.| -..-. -----...@..- .. --...... --.(..- |...- ... Arrhythmia the Jail-bird Experience level: 8 Strength: 15 Dexterity: 12 Constitution: 20 Intelligence: 11 Wisdom: 8 Charisma: 9 Health: 0(85) Energy: 45(45) AC: -1 Gold: 0 Moves: 4060 Your Inventory: Armor p - a blessed +2 pair of walking shoes [low] (being worn) u - an uncursed +0 dwarvish mithril-coat (being worn) X - an [uncursed] +0 hard hat [dwarvish iron helm] (being worn) Potions Z - an [uncursed] black potion [of extra healing] Wands W - an [uncursed] wand of striking [0:3] Tools d - an uncursed blindfold f - a blessed bag called Hold named Portal to the elemental plane of TEETH [of holding] m - an uncursed lock pick B - an uncursed bag called sack named !!! CANCELLATION !!! [sack] G - an uncursed stethoscope V - an [uncursed] expensive camera [0:97] Contents of the bag of holding named Portal to the elemental plane of TEETH: 566 gold pieces an uncursed octagonal amulet [of magical breathing] 7 uncursed [+0 thirsty] arrows a blessed [+2] dwarvish mattock an uncursed +0 helmet called brilliance [of brilliance] an uncursed +0 iron skull cap [orcish helm] a cursed +0 striped shirt an uncursed scroll labeled AQUE BRAGH [of enchant weapon] a blessed scroll labeled EIRIS SAZUN IDISI [of identify] 2 uncursed scrolls labeled EIRIS SAZUN IDISI [of identify] a cursed scroll labeled ELBIB YLOH [of confuse monster] an uncursed scroll labeled FNORD [of destroy armor] a [cursed] unlabeled scroll [of blank paper] an [uncursed] unlabeled scroll [of blank paper] a blessed black potion [of extra healing] 2 uncursed black potions [of extra healing] an uncursed brown potion [of gain ability] a blessed bubbly potion [of sickness] 2 uncursed bubbly potions [of sickness] an uncursed cloudy potion [of monster detection] 2 uncursed dark green potions [of full healing] 4 uncursed dark potions [of object detection] 2 uncursed emerald potions [of healing] 4 uncursed fizzy potions [of paralysis] 3 uncursed golden potions [of confusion] a blessed gooey potion [of sleeping] an uncursed luminescent potion [of hallucination] an uncursed magenta potion [of restore ability] a blessed orange potion [of see invisible] an uncursed orange potion [of see invisible] 4 uncursed pink potions [of invisibility] 2 uncursed potions called water [of water] a cursed potion called water [of unholy water] a blessed potion of blindness a cursed potion of blindness a cursed potion of oil an uncursed puce potion [of levitation] 2 uncursed silver potions [of gain energy] 4 uncursed steamy potions [of booze] a cursed steamy potion [of booze] 3 uncursed yellow potions [of speed] an uncursed porcelain ring [of teleport control] a blessed +1 ring of gain dexterity an uncursed +2 ring of gain strength an uncursed looking glass [mirror] an uncursed looking glass [mirror] an uncursed black gem [worthless glass] an uncursed heavy iron ball Contents of the sack named !!! CANCELLATION !!!: an uncursed wand called nohold [of teleportation (0:6)] Spells known in the end: Name Level Category Fail Memory Your skills at the end: Fighting Skills Weapon Skills sling [Basic / Skilled] Spellcasting Skills Final Attributes: You were piously aligned. Hunger level was 145. Your alignment was 28 / 30. Monster difficulty range was 0 - 6. Level difficulty was 5. You were immune to poison. You were immune to level-drain. You were immune to sickness. You could fly. You could survive without air. You regenerated. Your luck was zero. You are dead. Vanquished creatures: 2 small mimics a watchman a brown pudding a water nymph 3 Mordor orcs a rock piercer a rock mole a yellow light 3 gnome lords a golden naga hatchling a paper golem 3 floating eyes 4 dwarves a rothe a giant bat 3 Kop Sergeants 3 monkeys 6 dwarf zombies an iguana 5 killer bees an acid blob a gas spore 2 hobbits a hobgoblin 2 cave spiders a brown mold a green mold a red mold 24 gnomes 10 Keystone Kops 12 garter snakes 4 geckos 4 jackals 2 goblins 6 grid bugs 2 bats 5 lichens a kobold zombie 4 newts 127 creatures vanquished. Voluntary challenges: You left the true Path of Zen. You went without food. You never hit with a wielded weapon. You read items or engraved 4 times. You put on armor 10 times. You never genocided any monsters. You never polymorphed an object. You never changed form. You used no wishes. You abstained from Elbereth's help. You never encountered a bones level. You never used any Sokoban shortcuts. Dungeon overview: The Dungeons of Doom: levels 1 to 4 Level 1 some fountains a long staircase Level 2 a general store, a fountain Level 3 (You're already robbed) a potion shop, some altars, a fountain stairs to The Gnomish Mines The Gnomish Mines: levels 4 to 6 Level 4 stairs to The Dungeons of Doom Level 5 <- You were here History has recorded: On T:1 you entered the Dungeons of Doom to retrieve the Amulet of Yendor! On T:339 you advanced to experience level 2. On T:345 you reached level 2 of The Dungeons of Doom. On T:767 you advanced to experience level 3. On T:830 you advanced to experience level 4. On T:1127 you reached level 3 of The Dungeons of Doom. On T:1156 you advanced to experience level 5. On T:1546 you reached level 1 of The Gnomish Mines. On T:1548 you advanced to experience level 6. On T:1789 you advanced to experience level 7. On T:2605 you reached level 4 of The Dungeons of Doom. On T:3591 you advanced to experience level 8. On T:3607 you reached level 2 of The Gnomish Mines. On T:3702 you reached level 3 of The Gnomish Mines. Latest messages: There is a staircase up here. You see here a dagger. The watch captain wields a silver saber! The watch captain swings his silver saber. The silver sears your flesh! The watch captain hits! The watch captain swings his silver saber. The silver sears your flesh! The watch captain hits! [HP-46=39] [HP+1=40] [HP+1=41] You see here a tin whistle. [HP+1=42] [HP+1=43] [HP+1=44] The watch captain swings his silver saber. The silver sears your flesh! The watch captain hits! The watch captain swings his silver saber. The silver sears your flesh! The watch captain hits! You die... Final status: Goodbye Arrhythmia the Convict... You died in The Gnomish Mines on dungeon level 5 with 4546 points, and 566 pieces of gold, after 4060 moves. You were level 8 with a maximum of 85 hit points when you died.